 Dungeon Crawl Stone Soup version 0.17-a0-1741-gd5e8965 (console) character file.

81 lauthentik the Sneak (level 4, -2/27 HPs)
             Began as a High Elf Enchanter on Aug 31, 2015.
             Slain by an orc
             ... wielding a +0 trident
              (6 damage)
             ... on level 3 of the Dungeon.
             The game lasted 00:11:34 (2107 turns).

lauthentik the Sneak (High Elf Enchanter)           Turns: 2107, Time: 00:11:34

Health: -2/27      AC:  6    Str:  7    XL:     4   Next: 20%
Magic:  0/9        EV: 13    Int: 19    God:
Gold:   71         SH:  0    Dex: 16    Spells: 3 memorised, 3 levels left

rFire  + . .     SeeInvis .     q - +2 dagger (freeze)
rCold  x . .     Clarity  .     b - +1 robe
rNeg   . . .     SustAt   .     (no shield)
rPois  .         Gourm    .     s - +2 helmet
rElec  .         Spirit   .     (no cloak)
rCorr  .         Warding  .     (no gloves)
rMut   .         Stasis   .     (no boots)
MR     .....                    (no amulet)
Stlth  +++.......               (no ring)
                                p - ring of fire

@: not resistant to hostile enchantments, fairly stealthy
A: no striking features
a: no special abilities


You were on level 3 of the Dungeon.
You were not hungry.

You visited 1 branch of the dungeon, and saw 3 of its levels.

You collected 71 gold pieces.

Inventory:

Hand weapons
 a - a +1 dagger
 e - a +0 dagger
 q - a +2 dagger of freezing (weapon)
Armour
 b - a +1 robe (worn)
 s - a +2 helmet (worn)
Jewellery
 p - a ring of fire (left hand)
Scrolls
 f - a scroll of immolation {unknown}
 g - a scroll of blinking {unknown}
 h - 3 scrolls of identify {unknown}
 j - 2 scrolls of remove curse {unknown}
 m - a scroll of fog {unknown}
Potions
 i - a potion of magic {unknown}
 k - a potion of haste {unknown}
 n - a potion of curing {unknown}
Books
 c - a book of Maledictions

   Spells                             Type                      Level
   a - Corona                         Hexes                        1
   b - Ensorcelled Hibernation        Hexes/Ice                    2
   c - Confuse                        Hexes                        3
   d - Tukima's Dance                 Hexes                        3
   e - Dazzling Spray                 Conjuration/Hexes            3
Comestibles
 d - a bread ration
 l - a royal jelly
 o - a chunk of flesh
 r - a beef jerky
 t - 3 fruits


   Skills:
 + Level 0.6 Fighting
 + Level 1.3 Short Blades
 + Level 2.5 Dodging
 + Level 4.2 Stealth
 + Level 3.0 Spellcasting
 + Level 3.7 Hexes
 + Level 0.6 Ice Magic


You had 3 spell levels left.
You knew the following spells:

 Your Spells              Type           Power        Failure   Level  Hunger
a - Ensorcelled Hibernat  Hex/Ice        #.....       12%         2    ##.....
b - Corona                Hex            ###....      4%          1    None
c - Confuse               Hex            ###.....     12%         3    ###....


Dungeon Overview and Level Annotations

Branches:
Dungeon (3/15)

Altars:
Gozag


Message History

You impale the kobold!! You freeze the kobold.
You kill the kobold!
Casting: Ensorcelled Hibernation
Confirm with . or Enter, or press ? or * to list all spells.
Aiming: Ensorcelled Hibernation
Press: ? - help, Shift-Dir - straight line, f - orc priest
Aim: an orc priest, wielding a hand axe (chance to defeat MR: 37%)
You feel a numb sensation.
The orc priest easily resists.
The orc hits you from afar with a trident.
* * * LOW HITPOINT WARNING * * *
The orc priest hits you with a hand axe.
* * * LOW HITPOINT WARNING * * *
Casting: Ensorcelled Hibernation
Confirm with . or Enter, or press ? or * to list all spells.
Aiming: Ensorcelled Hibernation
Press: ? - help, Shift-Dir - straight line, f/p - orc priest
Aim: an orc priest, wielding a hand axe (chance to defeat MR: 37%)
You feel a numb sensation.
The orc priest looks drowsy...
The orc hits you from afar with a trident.
You die...

#........###########
#######.## #.# #.#
#.# #.# #.# #.# #@#
#o# ..o .....
##...## ##.## #.#
#.#


You could see an orc priest (sleeping) and an orc.

Vanquished Creatures
  2 adders
  2 worms (D:2)
  3 giant geckos
  3 orcs (D:3)
  4 bats
  8 goblins
  8 hobgoblins
  9 kobolds
  A ball python (D:2)
  3 giant cockroaches (D:1)
  3 giant newts
  3 rats
49 creatures vanquished.

Notes
Turn   | Place    | Note
--------------------------------------------------------------
     0 | D:1      | lauthentik the High Elf Enchanter began the quest for the Orb.
     0 | D:1      | Reached XP level 1. HP: 11/11 MP: 4/4
   290 | D:1      | Reached XP level 2. HP: 15/17 MP: 6/6
   294 | D:1      | Learned a level 2 spell: Ensorcelled Hibernation
   717 | D:2      | Reached XP level 3. HP: 19/22 MP: 8/8
  1301 | D:2      | Reached skill level 4 in Stealth
  1523 | D:2      | Found an opulent altar of Gozag.
  1767 | D:3      | Learned a level 3 spell: Confuse
  1808 | D:3      | Reached XP level 4. HP: 27/27 MP: 9/9
  2107 | D:3      | Slain by an orc

Vault maps used:
D:1:      lordsloth_arrival_two_stooges, minmay_misc_feat_tiny
D:2:      grunt_gozag_breadcrumbs
D:3:      minitemple, first_bread

Action                   |  1- 3 |  4- 6 || total
-------------------------+-------+-------++-------
Melee: Dagger            |    79 |    18 ||    97
 Cast: Corona            |     9 |       ||     9
       Ensorcelled Hiber |    20 |     4 ||    24
       Confuse           |       |     1 ||     1
 Stab: Sleeping          |    25 |     5 ||    30
       Confused          |       |     1 ||     1
  Eat: Chunk             |     4 |     1 ||     5
